 Dungeon Crawl Stone Soup version 0.29.1-15-g9cfb28693d (webtiles) character file.

Game seed: 15827455015136312121

36 NamelessAdventurer the Ruffian (level 3, 0/42 HPs)
             Began as a Draconian Transmuter on Apr 12, 2023.
             Was a Follower of Uskayaw.
             Succumbed to an adder's poison
             ... on level 3 of the Dungeon.
             The game lasted 00:03:25 (559 turns).

NamelessAdventurer the Ruffian (DrTm)                Turns: 559, Time: 00:03:25

Health: 0/42       AC: 21    Str: 12    XL:     3   Next: 19%
Magic:  4/6        EV:  2    Int: 15    God:    Uskayaw [*.....]
Gold:   54         SH:  0    Dex: 11    Spells: 0/6 levels left

rFire   + . .      SeeInvis .   c - +2 hand axe (vorpal)
rCold   x . .      Faith    .   (no shield)
rNeg    . . .      Spirit   .   (body armour unavailable)
rPois   +          Reflect  .   (helmet currently unavailable)
rElec   .          Harm     .   (cloak currently unavailable)
rCorr   .          Rampage  .   (gloves currently unavailable)
Will    .....      NoTele   +   (boots currently unavailable)
Stlth   +.........              (no amulet)
HPRegen 0.14/turn               d - ring of fire
MPRegen 0.10/turn               (no ring)

@: lethally poisoned (0 -> -7), tree-form, very slightly contaminated
A: stationary, stasis, torment immunity, boosted hp, AC +5, unfitting armour,
(cold-blooded)
a: Renounce Religion, Stomp


You were on level 3 of the Dungeon.
You worshipped Uskayaw.
Uskayaw was noncommittal.
You were a tree.
You visited 1 branch of the dungeon, and saw 3 of its levels.

You collected 54 gold pieces.

Inventory:

Hand Weapons
 c - a +2 vorpal hand axe (weapon)
Missiles
 b - 2 throwing nets
Jewellery
 d - a ring of fire (left branch)
Scrolls
 e - a scroll of identify
 g - a scroll of poison
 h - a scroll of summoning {unknown}
Potions
 f - a potion of flight {unknown}


   Skills:
 * Level 1.4 Fighting
 * Level 0.4 Throwing
 * Level 2.0 Dodging
 * Level 0.9 Stealth
 * Level 3.4 Unarmed Combat
 * Level 2.2 Spellcasting
 * Level 2.2 Transmutations
 * Level 0.3 Invocations


You couldn't memorise any spells.
You knew the following spells:

 Your Spells              Type           Power      Damage    Failure   Level
a - Beastly Appendage     Tmut           16%        N/A       9%          1
b - Wereblood             Tmut           8%         N/A       13%         2
c - Spider Form           Tmut/Pois      4%         N/A       38%         3

Your spell library contained the following spells:

 Spells                   Type           Power      Damage    Failure   Level
 Ice Form                 Ice/Tmut       4%         N/A       80%         4


Dungeon Overview and Level Annotations

Branches:
Dungeon (3/15)

Altars:
Uskayaw


Innate Abilities, Weirdness & Mutations

You are a tree.
Your roots penetrate the ground, keeping you stationary.
You cannot be teleported.
You are immune to unholy pain and torment.
Your maximum health is greatly increased.
Your equipment is partially melded.
((Your plain brown scales are hard. (AC +5)))
You cannot fit into any form of body armour.
((You are cold-blooded and may be slowed by cold attacks.))


Message History

You closely miss the adder. The adder bites you but does no damage.
You hit the adder.
The adder is severely wounded.
The adder misses you. The adder bites you.
You are poisoned.
The adder poisons you!
You can now pass through a line of other dancers.
You miss the adder.
The adder is severely wounded.
You feel very sick. The adder barely misses you. The adder misses you.
You barely miss the adder.
The adder is severely wounded.
You feel sick. The adder closely misses you.
You closely miss the adder.
The adder is severely wounded.
You feel sick. The adder bites you but does no damage. The adder misses you.
You can no longer pass through a line of other dancers.
You closely miss the adder.
The adder is severely wounded.
You feel sick. The adder bites you.
* * * LOW HITPOINT WARNING * * *
The adder bites you.
* * * LOW HITPOINT WARNING * * *
Unknown command.
Casting: Wereblood (safe; 13% risk of failure)
Confirm with . or Enter, or press ? or * to list all spells.
You miscast Wereblood.
You are very lightly contaminated with residual magic.
Nothing appears to happen.
You feel sick.
You are no longer poisoned.
The adder bites you but does no damage.
Really quaff the potion of lignification?
You turn into a tree.
Your roots penetrate the ground.
The adder bites you.
* * * LOW HITPOINT WARNING * * *
You are lethally poisoned!
The adder poisons you!
You hit the adder.
You kill the adder!
You die...

.(.. ..... ....... ....
....#####....... #..
#.............
#.###............
#..##..........#
####............###|#
###............†.......
#......<.......♣...#
#........†........#....
#.........†...........#
#......................
#......................
#.....................#
#.....................#
#.........<........####
#########.........


There were no monsters in sight!

Vanquished Creatures
  An adder (D:3)
  5 bats
  2 endoplasms
  6 giant cockroaches
  4 goblins
  2 hobgoblins
  4 quokkas
  2 ball pythons
  A frilled lizard (D:1)
  3 rats (D:2)
30 creatures vanquished.

Notes
Turn   | Place    | Note
-------+----------+-------------------------------------------
     0 | D:1      | NamelessAdventurer the Draconian Transmuter began the quest
                  | for the Orb.
     0 | D:1      | Reached XP level 1. HP: 16/16 MP: 3/3
   166 | D:1      | Reached XP level 2. HP: 20/23 MP: 5/5
   183 | D:1      | Found a faded altar of an unknown god.
   203 | D:1      | Prayed at the altar of an unknown god.
   203 | D:1      | Became a worshipper of Uskayaw the Reveller
   203 | D:1      | Reached * piety under Uskayaw
   244 | D:1      | Learned a level 2 spell: Wereblood
   311 | D:1      | Reached ** piety under Uskayaw
   458 | D:2      | Reached XP level 3. HP: 25/28 MP: 3/6
   511 | D:2      | Learned a level 3 spell: Spider Form
   558 | D:3      | HP: 1/42 [adder (2)]
   559 | D:3      | Succumbed to an adder's poison

Illustrated notes

Levels and vault maps discovered:
D:1:      lightli_arrival_maybe_door_vault, layout_loops_ring,
          shapermc_ecumenical_altar_venn
D:2:      layout_basic
D:3:      layout_rooms, mainiacjoe_overflow_alcove_4

Skill      XL: |  1  2 |
---------------+-------+-----
Dodging        | 2 |  2.0
Fighting       | |  1.4
Throwing       | |  0.4
Stealth        | |  0.9
Unarmed Combat | |  3.4
Spellcasting   | |  2.2
Transmutations | |  2.2
Invocations    | |  0.3

Action                   || total
-------------------------++-------
Melee: Unarmed           ||     7
       Hand axe          ||    52
       Kick              ||     2
       Tailslap          ||     2
       Headbutt          ||     1
 Cast: Beastly Appendage ||     4
       Wereblood         ||     3
  Use: Scroll            ||     1
       Potion            ||     1
 Stab: Sleeping          ||     1
Armor: Skin              ||    26
Dodge: Dodged            ||    60
